[Event "*** SCC Grand Prix: Titled Tuesday Blitz"]
[Site "Chess.com"]
[Date "2020.07.14"]
[Round "2"]
[White "djano"]
[Black "novocane"]
[Result "1-0"]
[WhiteElo "2451"]
[BlackElo "2249"]
[TimeControl "180+1"]
[EndTime "10:18:44 PDT"]
[Termination "djano won by checkmate"]

1. c4 e5 2. Nc3 Bb4 3. h4 Bxc3 4. bxc3 Nc6 5. g3 d6 6. Bg2 Be6 7. Rb1 Qc8 8. Qa4 Ne7 9. Nf3 O-O 10. Ng5 Bd7 11. Qc2 f5 12. d3 h6 13. Nf3 e4 14. Nd4 Ne5 15. h5 c5 16. Nb5 exd3 17. exd3 f4 18. Bxf4 Rxf4 19. gxf4 Ng4 20. Nxd6 Qc7 21.
Ne4 Qxf4 22. Qd2 Qe5 23. d4 Qf5 24. f3 Nf6 25. Rxb7 Re8 26. Kd1 Bc6 27. Rb2 Nxe4 28. fxe4 Bxe4 29. Bxe4 Qxe4 30. Re1 Qg4+ 31. Qe2 Qg5 32. Rb7 cxd4 33. Rxe7 Rxe7 34. Qxe7 Qxh5+ 35. Qe2 Qa5 36. Qe8+ Kh7 37. Qe4+ Kh8 38. Qa8+ Kh7 39. Qe4+ Kh8 40. Qxd4 Qxa2 41. Qd8+ Kh7 42. Qd2 Qb1+ 43. Ke2 Qe4+ 44. Qe3 Qg2+ 45. Kd3 Qb2 46. Qe4+ Kh8 47. Qd4 Qa2 48. Re8+ Kh7 49. Qe4+ g6 50. Qe7# 1-0

[Event "*** SCC Grand Prix: Titled Tuesday Blitz"]
[Site "Chess.com"]
[Date "2020.07.14"]
[Round "2"]
[White "ItsCheckM8Mate"]
[Black "ace_mar"]
[Result "0-1"]
[WhiteElo "2252"]
[BlackElo "2451"]
[TimeControl "180+1"]
[EndTime "10:18:45 PDT"]
[Termination "ace_mar won on time"]

1. e4 e5 2. Nf3 Nc6 3. Bb5 a6 4. Ba4 Nf6 5. O-O Be7 6. Re1 b5 7. Bb3 d6 8. c3 O-O 9. h3 Nb8 10. d4 Nbd7 11. Nbd2 Bb7 12. Bc2 Re8 13. Nf1 Bf8 14.
Ng3 g6 15. a4 c5 16. d5 c4 17. Bg5 Nc5 18. Qd2 Be7 19. Bh6 Nfd7 20. h4 Nb6 21.
axb5 axb5 22. Rxa8 Qxa8 23. h5 Qa2 24. Bb1 Qa1 25.
hxg6 hxg6 26. Bg5 Nba4 27. Bxe7 Rxe7 28. Qg5 Kf8 29. b4 cxb3 30. Qh6+ Ke8 31. Bd3 Qxc3 32. Bxb5+ Rd7 33. Qh8+ Ke7 34. Nh4 Qxe1+ 35. Kh2 Qxf2 36. Nhf5+ gxf5 37. Nxf5+ Qxf5 38. exf5 Ne4 39. Qh4+ Ke8 40.
Qxe4 Nc5 41. Qb4 Kd8 42. Bxd7 Kxd7 43. f6 Bxd5 44. Qb5+ Ke6 45. g4 Kxf6 46. Qb6 Ke6 47. Kg3 Nd3 48. Qd8 b2 0-1

[Event "*** SCC Grand Prix: Titled Tuesday Blitz"]
[Site "Chess.com"]
[Date "2020.07.14"]
[Round "2"]
[White "Lion-Al-Messi"]
[Black "garfield_pg"]
[Result "1-0"]
[WhiteElo "2436"]
[BlackElo "2214"]
[TimeControl "180+1"]
[EndTime "10:18:45 PDT"]
[Termination "Lion-Al-Messi won by checkmate"]

1. e4 c5 2. d3 d5 3. Nf3 dxe4 4. dxe4 Qxd1+ 5. Kxd1 Bg4 6. Bb5+ Nd7 7. h3 Bxf3+ 8.
gxf3 O-O-O 9. Ke2 a6 10. Bd3 Ne5 11. Bf4 Ng6 12. Bg3 e5 13. Nc3 b5 14. b3 Nf6 15. a4 c4 16. bxc4 Bb4 17. Nd5 Nxd5 18. cxd5 Bc3 19. Rab1 b4 20. Bxa6+ Kc7 21. Bc4 f6 22. Bb3 Kd6 23. Rbd1 h5 24. h4 Nf4+ 25. Bxf4 exf4 26. Rhg1 Rd7 27. Rg6 Rc8 28. Rdg1 Rcc7 29. a5 Bd4 30. a6 Ke5 31. Ba4 Re7 32. Bc6 Kd6 33. Kd3 Bc5 34. Ra1 Ra7 35. Ra4 Bxf2 36.
Ke2 Bxh4 37. Rxb4 Bg5 38. Ra4 h4 39. Kf2 Kc5 40. Kg2 Kd6 41. Ra5 Ke5 42. c4 Kd4 43.
c5 Ke3 44. d6 Rf7 45. d7 Rfxd7 46. Bxd7 Rxd7 47. a7 Rd2+ 48. Kh3 Kxf3 49. a8=Q Rd1 50. e5+ Kf2 51. Ra2+ Kf1 52. Qh1# 1-0

[Event "*** SCC Grand Prix: Titled Tuesday Blitz"]
[Site "Chess.com"]
[Date "2020.07.14"]
[Round "2"]
[White "EvgenyT"]
[Black "vinniethepooh"]
[Result "1-0"]
[WhiteElo "2916"]
[BlackElo "2550"]
[TimeControl "180+1"]
[EndTime "10:18:46 PDT"]
[Termination "EvgenyT won by resignation"]

1. Nf3 d5 2. c4 c6 3. e3 Nf6 4.
Nc3 e6 5. b3 Bd6 6. Bb2 e5 7.
cxd5 cxd5 8. Nb5 Nc6 9. Nxd6+ Qxd6 10. Bb5 e4 11. Nd4 O-O 12. h3 Bd7 13. Be2 Rac8 14. O-O Rfe8 15. Rc1 Nxd4 16. Bxd4 Rxc1 17. Qxc1 Rc8 18.
Qb2 Qc6 19. Qa3 a6 20. Bb2 Qc5 21. Qxc5 Rxc5 22. Bc3 Bb5 23. Bxb5 axb5 24. Ra1 h6 25. Kf1 Ne8 26. Ke2 Nd6 27. Bb4 Rc6 28. Bxd6 Rxd6 29.
Rc1 b6 30. d3 f5 31. Rd1 Kf7 32. dxe4 fxe4 33. Rd4 Ke6 34. Rb4 Rc6 35. Kd2 Rc5 36. a4 Kd6 37. axb5 g5 38. Ra4 Rxb5 39. b4 h5 40. Kc3 d4+ 41. Kxd4 Rf5 42. Ra2 Re5 43. Rc2 g4 44. hxg4 hxg4 45. Rc6+ Kxc6 46. Kxe5 Kb5 47. Kxe4 Kxb4 48. Kd5 Kc3 49. e4 b5 50. e5 b4 51. e6 b3 52. e7 g3 53. e8=Q gxf2 54.
Qe3+ 1-0

[Event "*** SCC Grand Prix: Titled Tuesday Blitz"]
[Site "Chess.com"]
[Date "2020.07.14"]
[Round "2"]
[White "The_Machine04"]
[Black "13MiRacLe"]
[Result "0-1"]
[WhiteElo "2299"]
[BlackElo "2626"]
[TimeControl "180+1"]
[EndTime "10:18:46 PDT"]
[Termination "13MiRacLe won on time"]

1. d4 Nf6 2. Bg5 c5 3. e3 Ne4 4.
Bf4 Qb6 5. Nc3 Nxc3 6. bxc3 d5 7. Rb1 Qa5 8. Qd2 cxd4 9. cxd4 Qxd2+ 10. Kxd2 Nc6 11.
Nf3 e6 12. Ne5 Nxe5 13. Bxe5 f6 14. Bg3 Be7 15. Bb5+ Kf7 16. Rhc1 Ba3 17. Rd1 a6 18. Bd3 b5 19. Rb3 Be7 20. Ra1 Bd7 21. a4 bxa4 22.
Rb7 Rhd8 23. Bc7 Rdc8 24. Ba5 Bc6 25. Rb2 Rcb8 26. Rab1 Rxb2 27. Rxb2 a3 28. Ra2 Bb5 29. Bc3 Rc8 30. Ba5 Ke8 31. Ke2 Kd7 32. Bd2 e5 33.
Bc1 e4 34. Bxb5+ axb5 35. Bxa3 Ra8 36. Bxe7 Rxa2 37. Bf8 Rxc2+ 38. Ke1 b4 39. Bxb4 Kc6 40. Bf8 g6 41. g3 h5 42. Bg7 f5 43. h4 Kb5 44. Be5 Kc4 45. Kf1 Kd3 46. Kg2 Ke2 47.
g4 hxg4 48. Bg3 Kd3 49. Kg1 Rc8 50. Kg2 Rg8 51. Bf4 Rh8 52. Bg5 Ke2 53. Kg3 Kf1 54. Bf4 Ra8 55. Kh2 Kxf2 56. Bg3+ Kxe3 57. Bf4+ Kxf4 0-1

[Event "*** SCC Grand Prix: Titled Tuesday Blitz"]
[Site "Chess.com"]
[Date "2020.07.14"]
[Round "2"]
[White "kasparicy"]
[Black "Artem_Sadovsky"]
[Result "0-1"]
[WhiteElo "2292"]
[BlackElo "2547"]
[TimeControl "180+1"]
[EndTime "10:18:46 PDT"]
[Termination "Artem_Sadovsky won on time"]

1. e4 c6 2. d4 d5 3. f3 dxe4 4.
fxe4 e5 5. Nf3 exd4 6. Bc4 Nf6 7. O-O Be7 8. Ng5 O-O 9. Nxf7 Qa5 10. Qe2 Nbd7 11. Nd2 Rxf7 12. Bxf7+ Kxf7 13. Nc4 Qc5 14. Kh1 Ne5 15. Nxe5+ Qxe5 16. Bf4 Qxe4 17. Qxe4 Nxe4 18. Rae1 Nf6 19. Be5 Be6 20. Bxd4 Bd5 21. b3 Re8 22. c4 Be6 23. Bxa7 Bb4 24. Re2 Kg6 25. h3 Bf7 26. Rxe8 Bxe8 27. Bb8 Bd7 28. Kh2 Ne4 29. Rd1 Nf6 30.
Bd6 Bxd6+ 31. Rxd6 Kf7 32. g4 Ke7 33. Rd2 Be6 34.
Kg2 Nd7 35. Kf3 Ne5+ 36. Ke4 Nf7 37. Kf4 g5+ 38. Ke3 c5 39. a4 b6 40. Ra2 Ne5 41.
a5 bxa5 42. Rxa5 Kd6 43. Ra6+ Nc6 44. Ke4 Bc8 45. Ra8 Kc7 46. Ra1 Nd4 47. Rb1 Kd6 48. b4 Bb7+ 49. Ke3 Bc6 50. b5 Bb7 51. Ra1 Nc2+ 52.
Kd3 Nd4 0-1

[Event "*** SCC Grand Prix: Titled Tuesday Blitz"]
[Site "Chess.com"]
[Date "2020.07.14"]
[Round "2"]
[White "Vandros57"]
[Black "Phriex"]
[Result "1/2-1/2"]
[WhiteElo "2130"]
[BlackElo "2396"]
[TimeControl "180+1"]
[EndTime "10:18:46 PDT"]
[Termination "Game drawn by repetition"]

1. d4 d5 2. Nf3 Nf6 3. c4 e6 4. Nc3 Be7 5. Bg5 O-O 6. e3 h6 7. Bh4 Ne4 8. Bxe7 Qxe7 9. Rc1 c6 10. Bd3 Nxc3 11. Rxc3 Nd7 12. O-O dxc4 13. Bxc4 b6 14. Qc2 c5 15. Bd3 Bb7 16. Be4 Bxe4 17. Qxe4 Nf6 18.
Qd3 cxd4 19. Qxd4 Rfd8 20. Qf4 Nd5 21. Qe5 Nxc3 22. Qxc3 Rac8 23. Qb3 Qc5 24. Nd4 Rxd4 25. exd4 Qxd4 26. g3 Qc4 27. Qxc4 Rxc4 28. Rb1 Rc2 29. Kg2 f5 30. Kf3 e5 31. Ke3 Kf7 32.
h4 Ke6 33. h5 e4 34. a4 Ke5 35.
b4 Ra2 36. a5 bxa5 37. bxa5 Rxa5 38. Rb7 Ra3+ 39. Ke2 Kf6 40. Rc7 a5 41. Rc6+ Kg5 42.
Rg6+ Kxh5 43. Rxg7 a4 44. Kf1 Rf3 45. Kg2 a3 46. Ra7 Kg6 47. Kh3 Rxf2 48. Rxa3 Rf3 49. Ra6+ Kg5 50. Re6 f4 51. Rxe4 Rxg3+ 52. Kh2 Kg4 53.
Ra4 h5 54. Ra8 h4 55. Rb8 h3 56. Ra8 Rb3 57. Rg8+ Kf3 58. Kxh3 Kf2+ 59. Kh2 f3 60.
Ra8 Rb2 61. Ra1 Re2 62. Rb1 Ke3+ 63. Kg1 Rg2+ 64. Kf1 Kf4 65. Rb3 Kg3 66. Rb8 Ra2 67.
Rg8+ Kf4 68. Rf8+ Ke3 69. Re8+ Kd4 70. Rd8+ Ke5 71. Re8+ Kf4 72. Rf8+ Kg4 73. Rg8+ Kh4 74. Rh8+ Kg3 75. Rg8+ Kf4 76. Rf8+ 1/2-1/2

[Event "*** SCC Grand Prix: Titled Tuesday Blitz"]
[Site "Chess.com"]
[Date "2020.07.14"]
[Round "2"]
[White "Carnivoras"]
[Black "Kensei26"]
[Result "1-0"]
[WhiteElo "2600"]
[BlackElo "2209"]
[TimeControl "180+1"]
[EndTime "10:18:47 PDT"]
[Termination "Carnivoras won on time"]

1. d4 Nf6 2. Nf3 g6 3. c4 c5 4. d5 Bg7 5. Nc3 d6 6. e4 O-O 7. Be2 e6 8. O-O exd5 9. exd5 Re8 10. Bg5 h6 11. Bh4 g5 12. Bg3 Nh5 13. Nd2 Nxg3 14. hxg3 Qb6 15. Rb1 Nd7 16. Bg4 Nf6 17. Bxc8 Raxc8 18.
Qc2 a6 19. Rfe1 Qc7 20. b3 Qd7 21. a4 Qg4 22. Qd3 Qd4 23. Qxd4 cxd4 24. Nce4 Nxe4 25. Nxe4 Red8 26. g4 b5 27. cxb5 axb5 28. a5 b4 29. Rec1 Rxc1+ 30. Rxc1 Ra8 31. Ra1 d3 32. Ra2 Rc8 33. Rd2 Rc3 34. Ra2 Rc2 35. Ra4 Be5 36. g3 Bd4 37. a6 Ba7 38. Rxb4 Re2 39. Kf1 Ra2 40. Rb7 Rxa6 41. b4 Ra1+ 42. Kg2 Bd4 43. Rc7 Ra2 44. Rc4 Bb6 45. Kf3 Rc2 46. Rc6 Rb2 47.
Rxb6 d2 48. Ke2 h5 49. Nxd2 h4 50. gxh4 gxh4 51. Rxd6 h3 52. Rh6 Rxb4 53. Rxh3 Rd4 54. Rd3 Rxg4 55. Rg3 Rxg3 56. fxg3 Kf8 57. Kf3 Ke7 58. Ke4 Kd6 59. Nf3 f5+ 60. Kd4 f4 61. gxf4 1-0

[Event "*** SCC Grand Prix: Titled Tuesday Blitz"]
[Site "Chess.com"]
[Date "2020.07.14"]
[Round "2"]
[White "MusicCityMaster"]
[Black "Morshynska"]
[Result "1-0"]
[WhiteElo "2417"]
[BlackElo "2185"]
[TimeControl "180+1"]
[EndTime "10:18:47 PDT"]
[Termination "MusicCityMaster won on time"]

1. e4 c5 2. Nf3 e6 3. d4 cxd4 4. Nxd4 a6 5. Bd3 Nc6 6. Nxc6 bxc6 7. O-O d5 8. c4 Nf6 9. exd5 cxd5 10. Nc3 dxc4 11.
Bxc4 Qc7 12. Qe2 Bb7 13. Bg5 Be7 14. Rfe1 O-O 15. Rac1 Qc6 16. f3 Rac8 17. Bb3 Qc5+ 18. Be3 Qh5 19. Red1 Bc5 20. Na4 Bxe3+ 21. Qxe3 Qb5 22.
Rc5 Rxc5 23. Nxc5 Bd5 24. h3 Rc8 25. Rc1 h6 26. Bxd5 Nxd5 27. Qd4 Qb4 28. Qxb4 Nxb4 29. a3 Nd5 30. Nd3 Rxc1+ 31. Nxc1 Kf8 32. Kf2 Ke7 33. Nd3 Kd6 34. Ke2 e5 35. Kd2 f5 36.
Kc2 e4 37. fxe4 fxe4 38. Ne1 Ke5 39. Kb3 Kd4 40. Ka4 Ke3 41. Ka5 Kd2 42. Nf3+ exf3 43. gxf3 Nf4 44. Kxa6 Nxh3 45. b4 Nf4 46. b5 Nd5 47. b6 Nxb6 48. Kxb6 h5 49. a4 h4 50. a5 h3 51. a6 h2 52. a7 h1=Q 53. a8=Q Qh6+ 54. Kc5 Qf6 55. Qd5+ Ke3 56. Qe4+ Kf2 57. f4 Kg3 58. f5 Qg5 59. Kd5 g6 60. Qe5+ 1-0

[Event "*** SCC Grand Prix: Titled Tuesday Blitz"]
[Site "Chess.com"]
[Date "2020.07.14"]
[Round "2"]
[White "Azatic"]
[Black "Maaikee"]
[Result "1-0"]
[WhiteElo "2615"]
[BlackElo "2309"]
[TimeControl "180+1"]
[EndTime "10:18:49 PDT"]
[Termination "Azatic won by checkmate"]

1. e4 e6 2. Qe2 c5 3. Nf3 Nc6 4. g3 Nf6 5. Bg2 d5 6. d3 Be7 7. O-O O-O 8. Re1 b5 9. Nbd2 Bb7 10. e5 Nd7 11. Nf1 a5 12. h4 a4 13. h5 h6 14.
N1h2 b4 15. Ng4 Kh7 16. Qd2 Nd4 17. Nxd4 cxd4 18. Qf4 Qb6 19. Nxh6 gxh6 20. Qxh6+ Kg8 21. Bg5 Bxg5 22. Qxg5+ Kh7 23. h6 Rg8 24. Qe7 Rad8 25.
Qxf7+ Kh8 26. Bh3 Bc8 27. Qxe6 Qxe6 28. Bxe6 Rge8 29. Bxd5 Rxe5 30. Bc6 a3 31. bxa3 bxa3 32. Rab1 Rxe1+ 33. Rxe1 Nf6 34. Re7 Bd7 35. Bf3 Re8 36.
Rf7 Re1+ 37. Kg2 Re6 38. g4 Bc6 39. g5 Bxf3+ 40. Kxf3 Ng8 41. Kg4 Ne7 42. f4 Kg8 43. Rg7+ Kh8 44. f5 Re1 45. f6 Rg1+ 46. Kh5 Rh1+ 47. Kg4 Rg1+ 48. Kf3 Nf5 49. f7 Rf1+ 50. Kg2 Ne3+ 51. Kh3 Rf3+ 52. Kh2 Rf2+ 53. Kg3 Rg2+ 54.
Kf3 Rg1 55. f8=Q# 1-0

[Event "*** SCC Grand Prix: Titled Tuesday Blitz"]
[Site "Chess.com"]
[Date "2020.07.14"]
[Round "2"]
[White "Oligan22"]
[Black "fabianvivasz"]
[Result "1-0"]
[WhiteElo "2451"]
[BlackElo "2254"]
[TimeControl "180+1"]
[EndTime "10:18:50 PDT"]
[Termination "Oligan22 won on time"]

1. e4 e5 2. Nf3 Nc6 3. Bb5 f5 4.
Nc3 fxe4 5. Nxe4 Nf6 6. Qe2 d5 7. Ng3 Bd6 8. d3 O-O 9. Bxc6 bxc6 10. O-O Bg4 11. h3 Bxf3 12. Qxf3 e4 13. Qe2 Bxg3 14. fxg3 exd3 15. cxd3 Qd6 16. Bf4 Qc5+ 17. Kh2 Rae8 18. Qd2 Rf7 19. Rac1 Qb5 20. Qc2 Re6 21. Rfe1 Rxe1 22.
Rxe1 h6 23. Rc1 Nh5 24. Qxc6 Qxc6 25. Rxc6 Nxf4 26. gxf4 Rxf4 27. Rxc7 Rf2 28. Rb7 a6 29. a3 Rd2 30. Rb6 Rxd3 31. Rxa6 Rb3 32. Rd6 Rxb2 33.
Rxd5 Rb3 34. a4 Ra3 35. a5 Kf7 36. Rb5 Kg6 37. h4 Kf6 38. g3 g6 39. Kh3 h5 40.
Rb6+ Kf5 41. Rb5+ Ke6 42. Kg2 Kf6 43. Rg5 Kf7 44. Kf2 Kf6 45. Ke2 Kf7 46. Kd2 Kf6 47.
Kc2 Ra2+ 48. Kb3 Ra1 49. Kb4 Kf7 50. Kb5 Rb1+ 51. Kc6 Re1 52. a6 Re6+ 53. Kb5 Re7 54. Rc5 Kf6 55. Kb6 g5 56. hxg5+ Kg6 57. a7 Rxa7 58.
Kxa7 1-0

[Event "*** SCC Grand Prix: Titled Tuesday Blitz"]
[Site "Chess.com"]
[Date "2020.07.14"]
[Round "2"]
[White "Margarita2907"]
[Black "iverichighladze"]
[Result "0-1"]
[WhiteElo "2087"]
[BlackElo "2384"]
[TimeControl "180+1"]
[EndTime "10:18:50 PDT"]
[Termination "iverichighladze won by resignation"]

1. e4 Nf6 2. e5 Nd5 3. d4 d6 4. c4 Nb6 5. exd6 cxd6 6. Nc3 g6 7. Be3 Bg7 8. Rc1 O-O 9. b3 Nc6 10. d5 Ne5 11. Be2 h5 12. h3 e6 13. f4 Qh4+ 14. Kf1 Ng4 15. Bxg4 hxg4 16. Qxg4 Qxg4 17. hxg4 exd5 18. Bxb6 Bxc3 19. Bc7 d4 20. Bxd6 Re8 21. Be5 f6 22. Bxf6 Bxg4 23. Nf3 Bxf3 24. gxf3 Kf7 25.
Be5 Rad8 26. Rh7+ Ke6 27. Rxb7 g5 28. Rxa7 gxf4 29. Bxf4 Kf5 30. Rf7+ Kg6 31. Rc7 Rf8 32. Bg3 Rxf3+ 33. Kg2 Re3 34. Rc6+ Kf5 35. Rf1+ Ke4 36. Re6+ Kd3 37. Rxe3+ dxe3 38. Rd1+ Bd2 39. a4 e2 40. Ra1 Rg8 41. Kf3 Rf8+ 42. Kg2 Bc3 43. Rb1 Kc2 44. Rh1 Kxb3 45. Be1 Bd4 46. a5 Rf6 47. Rh3+ Kxc4 48. Rh1 Kd3 49. Rh3+ Kc2 50. Rh1 Be3 51. Bh4 Rf5 52.
Be1 Bd2 53. Bg3 Rxa5 54. Kf3 Kd3 55. Kg2 Rf5 56. Bf2 Rg5+ 57. Kf3 Rf5+ 58. Kg2 Be3 59.
Be1 Kc2 60. Bg3 Bd2 61. Be1 Bxe1 62. Rxe1 Kd2 0-1

[Event "*** SCC Grand Prix: Titled Tuesday Blitz"]
[Site "Chess.com"]
[Date "2020.07.14"]
[Round "2"]
[White "enzovsky"]
[Black "swimmerchess"]
[Result "0-1"]
[WhiteElo "2516"]
[BlackElo "2825"]
[TimeControl "180+1"]
[EndTime "10:18:51 PDT"]
[Termination "swimmerchess won by resignation"]

1. e4 e5 2. Nf3 Nc6 3. d4 exd4 4. Nxd4 Bc5 5. Nxc6 Qf6 6. Qf3 dxc6 7. Nc3 Bd4 8.
Qxf6 Nxf6 9. Ne2 Bb6 10. f3 Bd7 11. a4 a5 12. Bd2 O-O-O 13. O-O-O Rhe8 14. Bc3 Be6 15. Rxd8+ Rxd8 16. Bd2 Nd7 17. Nf4 Nc5 18. Nxe6 Nxe6 19.
b3 Nd4 20. Bc3 f5 21. exf5 Nxf5 22. Bd3 g6 23. Re1 Ne3 24. Re2 Re8 25. Bd2 Kd7 26.
Be4 Nd5 27. Bg5 Nc3 28. Rd2+ Kc8 29. Bd3 Re1+ 30. Kb2 Nd1+ 31. Ka2 Kb8 32. Bc4 Bc5 33. Bf6 Bb4 34. Rd8+ Ka7 35. c3 Nxc3+ 36. Kb2 Nd1+ 37. Kc2 Ne3+ 38. Kb2 Nxc4+ 39. bxc4 Re2+ 40. Kb3 Rxg2 41. Rd7 Bd6 42. Rxh7 Rxh2 43. Bd4+ b6 44. Rg7 Rg2 45. Kc3 Kb7 46. Kd3 c5 47. Be3 Kc6 48.
Ke4 Rc2 49. Rxg6 Rxc4+ 50. Kd3 Rxa4 51. f4 c4+ 52. Ke4 Ra3 53. Bd4 c3 54. Kd3 Kd5 55.
Rg5+ Ke6 56. f5+ Kf7 57. Rg7+ Kf8 58. f6 c5 59. Bxc3 Be5 60. Rb7 Rxc3+ 0-1

[Event "*** SCC Grand Prix: Titled Tuesday Blitz"]
[Site "Chess.com"]
[Date "2020.07.14"]
[Round "2"]
[White "eljanov"]
[Black "m_ezat"]
[Result "0-1"]
[WhiteElo "2842"]
[BlackElo "2541"]
[TimeControl "180+1"]
[EndTime "10:18:53 PDT"]
[Termination "m_ezat won on time"]

1. e4 c6 2. Nf3 d5 3. d3 Bg4 4. h3 Bh5 5. Qe2 e6 6. g4 Bg6 7. h4 dxe4 8. dxe4 h5 9. g5 Nd7 10. Nc3 Bb4 11. Bd2 Qc7 12. a3 Ba5 13. O-O-O O-O-O 14. Bg2 Ne7 15. Nd4 Nc5 16. Nb3 Nxb3+ 17. cxb3 Rd7 18. b4 Bb6 19. Be3 Rhd8 20. f4 a5 21. Na4 Bxe3+ 22. Qxe3 axb4 23. Nb6+ Kb8 24. Nxd7+ Rxd7 25. axb4 Nc8 26. Rxd7 Qxd7 27. Rd1 Qc7 28. Qd2 Qb6 29. Rf1 Qb5 30. f5 exf5 31. exf5 Bh7 32.
Qf4+ Ka7 33. Rf3 Qe2 34. Ra3+ Kb6 35. Qe3+ Qxe3+ 36. Rxe3 Bxf5 37. Bh3 Bxh3 38. Rxh3 Nd6 39. Rf3 g6 40. Rf6 Kc7 41. Kc2 Kd7 42. Kd3 Ke7 43. Kd4 Nf5+ 44. Kc5 Nxh4 45. Rf1 Nf5 46.
Kb6 Nd6 47. Kc7 Ne4 48. Re1 f5 49. gxf6+ Kxf6 50. Rxe4 g5 51. Kxb7 g4 52. Kxc6 g3 53. Re8 Kf7 54. Re4 g2 0-1

[Event "*** SCC Grand Prix: Titled Tuesday Blitz"]
[Site "Chess.com"]
[Date "2020.07.14"]
[Round "2"]
[White "fighter2jz"]
[Black "maximnovik"]
[Result "1-0"]
[WhiteElo "2811"]
[BlackElo "2510"]
[TimeControl "180+1"]
[EndTime "10:18:54 PDT"]
[Termination "fighter2jz won on time"]

1. e4 c6 2. d4 d5 3. e5 Bf5 4. Nc3 e6 5. g4 Bg6 6. Nge2 c5 7. Be3 cxd4 8. Nxd4 Bb4 9. Bb5+ Nd7 10. f4 Ne7 11. O-O Bxc3 12. bxc3 a6 13. Bd3 Bxd3 14. cxd3 h5 15.
gxh5 Qc7 16. Rc1 Nf8 17. f5 exf5 18. Nxf5 Nxf5 19. Rxf5 Ne6 20. Qf3 O-O-O 21. d4 Rd7 22. Bd2 Kb8 23. Rf1 g6 24. Rxf7 Rxh5 25. Rxd7 Qxd7 26. Qf7 Kc7 27. Qxg6 Rh7 28. Kh1 Rg7 29. Qf5 Qe7 30. Qf6 Kc6 31. Qxe7 Rxe7 32. h4 Rh7 33. Kg2 Rxh4 34. Rf6 Kd7 35. Rf7+ Kc6 36.
Re7 Rg4+ 37. Kf3 Rg6 38. Be3 a5 39. Re8 b5 40. Rc8+ Nc7 41. Rf8 Ne6 42. Rf6 Rxf6+ 43. exf6 Kd7 44. Kg4 Nd8 45. Kf5 Nf7 46. Bf4 b4 47. cxb4 axb4 48. Bd2 Nd6+ 49. Kg6 Ke6 50. Bxb4 Nf7 51. Bc5 Nh8+ 52. Kg7 Nf7 53. Be7 Ng5 54. a4 Nf7 55. a5 Ng5 56. a6 1-0

[Event "*** SCC Grand Prix: Titled Tuesday Blitz"]
[Site "Chess.com"]
[Date "2020.07.14"]
[Round "2"]
[White "BocharovD"]
[Black "AttilaTurzo"]
[Result "1-0"]
[WhiteElo "2783"]
[BlackElo "2498"]
[TimeControl "180+1"]
[EndTime "10:18:55 PDT"]
[Termination "BocharovD won by resignation"]

1. d4 Nf6 2. c4 g6 3. g3 c6 4. Bg2 d5 5. Qa4 Nbd7 6. cxd5 cxd5 7. Nc3 Bg7 8. Nf3 O-O 9. O-O Nb6 10. Qb3 Nc4 11.
Ne5 Na5 12. Qa3 Nc6 13. Nxc6 bxc6 14. Bf4 Nh5 15. Be3 e5 16. dxe5 Bxe5 17. Rfd1 Qf6 18.
Qc5 Ng7 19. Bd4 Bxd4 20. Qxd4 Qxd4 21. Rxd4 Ne6 22. Rd2 Ba6 23. Rc1 Rab8 24. b3 f5 25.
e3 Rfd8 26. Na4 Bb5 27. Nc5 Nxc5 28. Rxc5 Rd6 29. a4 Ba6 30. Rxc6 Rxc6 31. Bxd5+ Kg7 32.
Bxc6 Rxb3 33. Rd7+ Kf6 34. Rxa7 Rb1+ 35. Kg2 Bf1+ 36. Kf3 g5 37. g4 fxg4+ 38. Kxg4 h5+ 39. Kf3 Rb4 40. Bb5 Bxb5 41. axb5 Rxb5 42. Ra6+ Kf5 43. h3 g4+ 44. hxg4+ hxg4+ 45. Kg3 Kg5 46. Ra4 Kf5 47.
Rf4+ Ke5 48. Rxg4 Rb1 49. Kf3 Rf1 50. Rg5+ Kf6 51. Ra5 Ke6 52. e4 Kf6 53. Ke3 Ke6 54. f3 Kf6 55. Kf4 Ke6 56. Ra6+ Kf7 57. e5 Rb1 58.
Kf5 Rf1 59. Ra7+ Ke8 60. f4 Kf8 61. e6 Ke8 62. Ke5 Kf8 63. f5 Rb1 64. Ra8+ Kg7 65. f6+ 1-0

[Event "*** SCC Grand Prix: Titled Tuesday Blitz"]
[Site "Chess.com"]
[Date "2020.07.14"]
[Round "2"]
[White "benko_008"]
[Black "mishikomchedlishvili"]
[Result "0-1"]
[WhiteElo "2483"]
[BlackElo "2758"]
[TimeControl "180+1"]
[EndTime "10:18:55 PDT"]
[Termination "mishikomchedlishvili won on time"]

1. Nf3 d5 2. g3 Nd7 3. d4 Nb6 4. Bg2 Bf5 5. a4 a5 6. O-O e6 7. b3 h6 8. Bb2 Nf6 9. Ne5 c6 10. Nd2 Be7 11. Rc1 O-O 12. e3 Nbd7 13. Nxd7 Qxd7 14. Nf3 Ne4 15. Ne5 Qd8 16. Qe2 Bd6 17.
Nd3 Bh7 18. f3 Nf6 19. Nf2 Re8 20. Nd3 Qc7 21. e4 Nd7 22. c4 Qd8 23. Qf2 Rc8 24. Rfd1 Bf8 25. cxd5 exd5 26. e5 Qb6 27. Rc3 Be7 28.
f4 Bf5 29. h3 h5 30. Kh2 Nf8 31. Nc5 Qc7 32. Bf3 b6 33. Nd3 Qd7 34. Qg2 Ne6 35. Nf2 h4 36. Rcc1 Red8 37. Rg1 Bf8 38. Rcd1 Qe7 39.
Bc1 c5 40. g4 Bc2 41. Rd2 Nxd4 42. Rxd4 cxd4 43. g5 Bf5 44. Bg4 Qe6 45. Bxf5 Qxf5 46. Ng4 Rc2 47. Bd2 Qe4 48. Nf6+ gxf6 49. gxf6+ Qxg2+ 50.
Rxg2+ Kh7 51. Kg1 Bh6 52. Kf1 d3 53. f5 Rxd2 54. e6 Rxg2 55. Kxg2 d2 56. e7 Re8 0-1

[Event "*** SCC Grand Prix: Titled Tuesday Blitz"]
[Site "Chess.com"]
[Date "2020.07.14"]
[Round "2"]
[White "AurumO"]
[Black "Eternauta2400"]
[Result "0-1"]
[WhiteElo "1982"]
[BlackElo "2592"]
[TimeControl "180+1"]
[EndTime "10:18:57 PDT"]
[Termination "Eternauta2400 won on time"]

1. e4 e5 2. Nf3 Nc6 3. Bb5 a6 4. Ba4 Nf6 5. Qe2 b5 6. Bb3 Bc5 7. c3 d6 8. d3 O-O 9. h3 Bb7 10. O-O Ne7 11. Rd1 Ng6 12. Bg5 h6 13. Be3 Bxe3 14. fxe3 d5 15. exd5 Bxd5 16. Bc2 Qe7 17. e4 Bb7 18. Nbd2 Qc5+ 19. Qf2 Qxf2+ 20. Kxf2 Rad8 21.
Nf1 Rd7 22. Rd2 Rfd8 23. Rad1 Nh5 24. g3 Nf6 25. Ke2 c5 26. Ne3 Nh5 27. Nf5 Ne7 28.
Nxe7+ Rxe7 29. Kf2 g6 30. d4 exd4 31. cxd4 cxd4 32.
Rxd4 Rxd4 33. Rxd4 Nf6 34. g4 Nxe4+ 35. Bxe4 Rxe4 36.
Rd8+ Kg7 37. Rd7 Bc8 38. Rc7 Be6 39. a3 b4 40. axb4 Rxb4 41. Rc2 Kf6 42. Rd2 a5 43.
Nd4 h5 44. Nxe6 fxe6 45. gxh5 gxh5 46. Kg3 h4+ 47. Kg2 Kf5 48. Rf2+ Ke5 49. Re2+ Kf4 50. Rf2+ Kg5 51. Re2 Kf5 52. Rf2+ Ke5 53. Re2+ Re4 54. Rc2 Kd5 55. Rd2+ Rd4 56. Rf2 e5 57. Kf3 a4 58.
Rc2 Rb4 59. Rd2+ Ke6 60. Re2 Kf5 61. Rc2 Rb3+ 62. Kg2 Kf4 63. Rf2+ Ke4 64. Re2+ Kd4 65. Rd2+ Rd3 66. Rc2 e4 0-1

[Event "*** SCC Grand Prix: Titled Tuesday Blitz"]
[Site "Chess.com"]
[Date "2020.07.14"]
[Round "2"]
[White "Tsyhanchuk_Stanislav"]
[Black "Duong57"]
[Result "1-0"]
[WhiteElo "2445"]
[BlackElo "2238"]
[TimeControl "180+1"]
[EndTime "10:18:57 PDT"]
[Termination "Tsyhanchuk_Stanislav won by checkmate"]

1. d4 d5 2. c4 e6 3. Nc3 c6 4. e4 dxe4 5. Nxe4 Bb4+ 6. Bd2 Qxd4 7. Bxb4 Qxe4+ 8. Be2 Na6 9. Ba5 b6 10. Bc3 Nf6 11. Qd6 Nc5 12. O-O-O Nb7 13. Qc7 O-O 14. Bd3 Qg4 15. Bxf6 gxf6 16. Qxc6 Nc5 17. Qf3 Nxd3+ 18.
Qxd3 Bb7 19. Ne2 Rac8 20. b3 b5 21. Qg3 Qxg3 22. Nxg3 bxc4 23. Kb2 c3+ 24. Kc2 f5 25. f3 f4 26. Nh5 f6 27. Nxf4 e5 28. Nh5 Kf7 29. Rd7+ Kg6 30. Rxb7 Kxh5 31. Rxh7+ Kg6 32. Rxa7 Rfd8 33. Rd1 Rxd1 34. Kxd1 Rd8+ 35. Kc2 Rd2+ 36. Kxc3 Rxg2 37. Ra8 Rf2 38. Rg8+ Kf5 39. a4 Rxf3+ 40. Kc4 Rh3 41. Rg2 Rh4+ 42. Kc5 e4 43. a5 e3 44. a6 Rh8 45. b4 Ke4 46. b5 f5 47. b6 f4 48. a7 f3 49. Rb2 e2 50. Rb4+ Ke3 51.
Rb3+ Kf2 52. Rb2 Kg1 53. Rb1+ Kg2 54. b7 f2 55. a8=Q Rh5+ 56. Kd6 f1=Q 57. b8=Q+ Kf2 58. Qaa7+ Kg2 59. Qg8+ Kxh2 60. Qgg1+ Qxg1 61. Qxg1+ Kh3 62. Rb3+ Kh4 63. Qg3# 1-0

[Event "*** SCC Grand Prix: Titled Tuesday Blitz"]
[Site "Chess.com"]
[Date "2020.07.14"]
[Round "2"]
[White "VALPARAISO37"]
[Black "Jumbo"]
[Result "0-1"]
[WhiteElo "2332"]
[BlackElo "2856"]
[TimeControl "180+1"]
[EndTime "10:18:58 PDT"]
[Termination "Jumbo won on time"]

1. d4 d6 2. e4 g6 3. c4 Bg7 4. Nc3 e5 5. d5 h5 6. Be2 a5 7.
Be3 Bh6 8. Bxh6 Nxh6 9. Qd2 Na6 10.
h4 Nc5 11. f3 f5 12. O-O-O Qf6 13. Nb5 Kd8 14. Nc3 Bd7 15. Kb1 b6 16. Qc1 Kc8 17.
Qd2 Kb7 18. Qc1 Rag8 19. Qd2 g5 20. hxg5 Rxg5 21. Rh2 Rhg8 22. f4 exf4 23. Qxf4 Rxg2 24. Rxg2 Rxg2 25. Nh3 Ng4 26. Bxg4 hxg4 27. Ng5 Rxb2+ 28.
Kxb2 Na4+ 29. Kb1 Nxc3+ 30. Kc2 Nxd1 31. Kxd1 Qa1+ 32. Ke2 Qxa2+ 33. Kd1 Qb3+ 34. Kd2 Qxc4 35. Ke3 a4 36. Kf2 a3 37. Ne6 Qxe4 38. Qxe4 fxe4 39.
Nd4 a2 40. Nb3 Ba4 41. Na1 Ka6 42. Ke3 Kb5 43. Kxe4 Kc4 44. Kf4 Kxd5 45. Kxg4 Kd4 46. Kf5 Kc3 47. Ke6 Kb2 48. Ke7 Kxa1 49. Kd8 Kb2 50.
Kxc7 a1=Q 51. Kxd6 Qc1 52. Ke5 Qc5+ 53. Ke4 Bc2+ 54. Kf4 Qf5+ 55. Ke3 Qe4+ 56. Kd2 Qd3+ 57. Ke1 Qe3+ 58. Kf1 Qd2 59. Kg1 Bd3 60. Kh1 Be4+ 0-1